 Dungeon Crawl Stone Soup version 0.31-a0-40-g1d5085d191 (webtiles) character file.

Game seed: 9926655815302690526

265 pk666 the Magician (level 5, -3/28 HPs)
             Began as a Deep Elf Fire Elementalist on May 17, 2023.
             Killed from afar by an orc wizard (7 damage)
             ... with a puff of flame
             ... on level 4 of the Dungeon.
             The game lasted 00:03:24 (3514 turns).

pk666 the Magician (Deep Elf Fire Elementalist)     Turns: 3514, Time: 00:03:24

Health: -3/28      AC:  2    Str:  5    XL:     5   Next: 99%
Magic:  1/14       EV: 13    Int: 22    God:
Gold:   223        SH:  0    Dex: 15    Spells: 10/13 levels left

rFire   . . .        v - +3 dagger
rCold   . . .        (no shield)
rNeg    . . .        a - +0 robe
rPois   .            (no helmet)
rElec   .            (no cloak)
rCorr   .            (no gloves)
SInv    .            (no boots)
Will    .....        (no amulet)
Stlth   ++           (no ring)
HPRegen 0.24/turn    (no ring)
MPRegen 0.14/turn

%: no passive effects
@: no status effects
A: no striking features
a: no special abilities


You were on level 4 of the Dungeon.
You visited 1 branch of the dungeon, and saw 4 of its levels.

You collected 223 gold pieces.

Inventory:

Hand Weapons
 v - a +3 dagger (weapon)
Armour
 a - a +0 robe (worn)
Jewellery
 t - an amulet of faith
Wands
 p - a wand of charming (8)
 r - a wand of flame (19)
Scrolls
 c - a scroll of teleportation {unknown}
 d - 5 scrolls of identify {unknown}
 f - a scroll of vulnerability {unknown}
 g - 2 scrolls of poison {unknown}
 j - 3 scrolls of blinking {unknown}
 m - a scroll of immolation {unknown}
 n - 3 scrolls of fear {unknown}
 o - a scroll of noise {unknown}
 s - a scroll of fog {unknown}
 w - a scroll of magic mapping {unknown}
 x - a scroll of acquirement {unknown}
Potions
 b - 2 potions of magic
 e - 2 potions of mutation {unknown}
 h - a potion of flight {unknown}
 i - a potion of brilliance {unknown}
 k - a potion of curing {unknown}
 l - a potion of attraction {unknown}
 q - a potion of invisibility {unknown}
 u - a potion of heal wounds {unknown}
 z - 3 potions of degeneration {unknown}


   Skills:
 + Level 4.3 Dodging
 - Level 2.4 Stealth
 + Level 4.9 Spellcasting
 + Level 3.2 Conjurations
 + Level 4.6 Fire Magic


You had 10 spell levels left.
You knew the following spells:

 Your Spells              Type           Power      Damage    Failure   Level
a - Foxfire               Conj/Fire      88%        2x1d8     1%          1
b - Scorch                Fire           50%        2d7       2%          2

Your spell library contained the following spells:

 Spells                   Type           Power      Damage    Failure   Level
 Inner Flame              Hex/Fire       15%        N/A       12%         3
 Volatile Blastmotes      Fire/Tloc      30%        2d12      12%         3
 Flame Wave               Conj/Fire      22%        2d8       21%         4


Dungeon Overview and Level Annotations

Branches:
Dungeon (4/15)
 Temple: D:4-7

Altars:

Annotations:
D:3 exclusion: water moccasin


Message History

You can't see any susceptible monsters within range! (Use Z to cast anyway.)
Casting: Scorch (safe; 2% risk of failure)
Confirm with . or Enter, or press ? or * to list all spells.
You conjure some foxfire!
The foxfire hits something.
Casting: Foxfire (safe; 1% risk of failure)
Confirm with . or Enter, or press ? or * to list all spells.
You conjure some foxfire!
The foxfire hits something.
Casting: Foxfire (safe; 1% risk of failure)
Confirm with . or Enter, or press ? or * to list all spells.
Nothing appears to happen.
Something hits you. Something hits you.
Casting: Foxfire (safe; 1% risk of failure)
Confirm with . or Enter, or press ? or * to list all spells.
You conjure some foxfire!
Something hits you. Something hits you.
Casting: Foxfire (safe; 1% risk of failure)
Confirm with . or Enter, or press ? or * to list all spells.
Nothing appears to happen.
Something hits you.
You hear some strange, mumbled words.
Something tries to affect you, but you resist.
Casting: Foxfire (safe; 1% risk of failure)
Confirm with . or Enter, or press ? or * to list all spells.
Nothing appears to happen.
Something hits you.
* * * LOW HITPOINT WARNING * * *
Something hits you.
* * * LOW HITPOINT WARNING * * *
Your foxfire dissipates!
Something hits you but does no damage.
A magic dart appears from out of thin air!
The magic dart hits you.
* * * LOW HITPOINT WARNING * * *
Casting: Foxfire (safe; 1% risk of failure)
Confirm with . or Enter, or press ? or * to list all spells.
You conjure some foxfire!
The foxfire hits something.
Your foxfire dissipates!
You hear some strange, mumbled words.
A puff of flame appears from out of thin air!
The puff of flame hits you!
You die...

#)## ..# #)# #.#
###.## #)...#
#...#{# #...#.##
##..#@.# #..#..#
.............
#..##.#
#............ #..
#.###......>.....
#..
#..##...........#
#..##..........#.
##.##......[.....
#..###........#
#..##...<...#


There were no monsters in sight!

Vanquished Creatures
  A steam dragon (D:3)
  Robin (D:2)
  4 gnolls (D:3)
  An adder (D:3)
  A worm (D:2)
  4 dart slugs
  3 orcs
  3 endoplasms
  8 hobgoblins
  2 kobolds
  2 quokkas
  4 ball pythons
  6 bats
  4 frilled lizards
  8 goblins
  7 rats
59 creatures vanquished.

Vanquished Creatures (others)
  207 foxfires
207 creatures vanquished.

Grand Total: 266 creatures vanquished

Notes
Turn   | Place    | Note
-------+----------+-------------------------------------------
     0 | D:1      | pk666 the Deep Elf Fire Elementalist began the quest for
                  | the Orb.
     0 | D:1      | Reached XP level 1. HP: 10/10 MP: 6/6
   368 | D:1      | Reached XP level 2. HP: 15/15 MP: 5/8
   377 | D:1      | Learned a level 2 spell: Scorch
   682 | D:1      | Found a faded altar of an unknown god.
  1558 | D:2      | Noticed Robin
  1627 | D:2      | Reached XP level 3. HP: 19/19 MP: 8/10
  1984 | D:2      | Killed Robin
  2549 | D:3      | Noticed a water moccasin
  2571 | D:3      | Reached XP level 4. HP: 24/24 MP: 4/12
  2964 | D:3      | Noticed a steam dragon
  2980 | D:3      | Killed a steam dragon
  2981 | D:3      | Reached XP level 5. HP: 20/28 MP: 4/14
  3514 | D:4      | Killed from afar by an orc wizard

Illustrated notes

Levels and vault maps discovered:
D:1:      minmay_arrival_nine_rooms, layout_basic,
          shapermc_ecumenical_altar_mp_vishouse
D:2:      layout_basic, chequers_serial_rivers_room_a,
          amcnicky_mini_corridor_feature, uniq_robin
D:3:      layout_loops_ring, hangedman_abyss_or_decor_stabs
D:4:      layout_cave_pods, uniq_blork_the_orc

Skill      XL: |  1  2  3  4 |
---------------+-------------+-----
Dodging        | 3 4 |  4.3
Conjurations   | 2 3 |  3.2
Spellcasting   | 4 |  4.9
Fire Magic     | 4 |  4.6
Stealth        | |  2.4

Action                     |  1- 3 |  4- 6 || total
---------------------------+-------+-------++-------
   Cast: Foxfire           |    93 |    32 ||   125
         Scorch            |     4 |    11 ||    15
 Armour: Robe              |     2 |     5 ||     7
  Dodge: Dodged            |     5 |     3 ||     8

Table legend: (Time is in decaauts)
 A = Elapsed time spent in this place.
 B = Non-inter-level travel time spent in this place.
 C = Inter-level travel time spent in this place.
 D = Time resting spent in this place.
 E = Time spent auto-exploring this place.
 F = Levels seen in this place.
 G = Mean time per level.
                   A        B        C        D        E       F      G
               +--------+--------+--------+--------+--------+-----+--------+
         Total |   3512 |   3383 |    129 |    363 |   2609 |   4 |  878.0 |
       Dungeon |   3512 |   3383 |    129 |    363 |   2609 |   4 |  878.0 |
               +--------+--------+--------+--------+--------+-----+--------+

Top non-repeatable levels by time:
     D:1: 1211 daAuts
     D:2: 1144 daAuts
     D:3: 1075 daAuts
     D:4: 81 daAuts
